 Dungeon Crawl Stone Soup version 0.30.1-3-gfc49f6343a (webtiles) character file.

Game seed: 13703581584845765927

1353 TheDoctor the Fighter (level 8, -4/92 HPs)
             Began as an Ogre Gladiator on July 22, 2023.
             Was a Believer of Okawaru.
             Slain by a steam dragon (7 damage)
             ... on level 6 of the Dungeon.
             The game lasted 00:12:53 (6927 turns).

TheDoctor the Fighter (Ogre Gladiator)              Turns: 6927, Time: 00:12:53

Health: -4/92      AC: 10    Str: 27    XL:     8   Next: 63%
Magic:  8/10       EV: 12    Int:  9    God:    Okawaru [**....]
Gold:   199        SH:  0    Dex: 10    Spells: 7/10 levels left

rFire   . . .        x - +3 mace (protect)
rCold   . . .        (no shield)
rNeg    . . .        b - +0 robe
rPois   +            c - +0 hat
rElec   .            y - scarf {shadows}
rCorr   .            (gloves unavailable)
SInv    .            (boots unavailable)
Will    .....        (no amulet)
Stlth   +++          w - ring of poison resistance
HPRegen 0.35/turn    C - +6 ring of strength
MPRegen 0.12/turn

%: no passive effects
@: heroic, under a protective aura
A: large, unfitting armour, tough skin 1
a: Renounce Religion, Heroism


You were on level 6 of the Dungeon.
You worshipped Okawaru.
Okawaru was pleased with you.
You visited 2 branches of the dungeon, and saw 8 of its levels.

You collected 199 gold pieces.

Inventory:

Hand Weapons
 a - a +0 flail
 x - a +3 mace of protection (weapon)
Missiles
 d - 3 throwing nets (quivered)
 e - a large rock
 h - 41 stones
 l - 4 javelins
 s - 6 boomerangs of dispersal
 F - 2 boomerangs
Armour
 b - a +0 robe (worn)
 c - a +0 hat (worn)
 y - a scarf of shadows (worn)
Jewellery
 w - a ring of poison resistance (left hand)
 z - an amulet of magic regeneration
 C - a +6 ring of strength (right hand)
Wands
 t - a wand of digging (5)
 D - a wand of roots (15)
 H - a wand of mindburst (4)
Scrolls
 f - 2 scrolls of amnesia {unknown}
 g - a scroll of enchant weapon {unknown}
 i - 3 scrolls of teleportation
 j - a scroll of fear {unknown}
 k - a scroll of poison {unknown}
 m - a scroll of noise {unknown}
 o - 2 scrolls of silence {unknown}
 q - 3 scrolls of fog {unknown}
 A - a scroll of enchant armour {unknown}
 G - 3 scrolls of identify
Potions
 n - 2 potions of brilliance {unknown}
 p - a potion of haste
 r - a potion of curing {unknown}
 u - a potion of attraction {unknown}
 v - 3 potions of flight
 B - a potion of resistance
 E - a potion of degeneration {unknown}


   Skills:
 + Level 9.0(14.0) Fighting
 - Level 2.6(7.6) Maces & Flails
 - Level 2.0(7.0) Throwing
 - Level 2.6(7.6) Dodging
 - Level 1.6 Spellcasting
 * Level 6.9 Air Magic


You had 7 spell levels left.
You knew the following spells:

 Your Spells              Type           Power      Damage    Failure   Level
a - Swiftness             Air            13%        N/A       6%          3

Your spell library contained the following spells:

 Spells                   Type           Power      Damage    Failure   Level
 Apportation              Tloc           0%         N/A       34%         1
 Necrotise                Necr           0%         1d4       34%         1
 Ensorcelled Hibernation  Hex/Ice        0%         N/A       47%         2
 Passwall                 Tmut/Erth      0%         N/A       47%         2
 Scorch                   Fire           0%         2d5       47%         2
 Flame Wave               Conj/Fire      0%         2d4       98%         4
 Shatter                  Erth           0%         3d5*      100%        9
 Summon Small Mammal      Summ           Unusable   N/A       N/A         1
 Call Imp                 Summ           Unusable   N/A       N/A         2
 Summon Cactus Giant      Summ           Unusable   N/A       N/A         6
 Spellforged Servitor     Conj/Summ      Unusable   N/A       N/A         7

Dungeon Overview and Level Annotations

Branches:
Dungeon (7/15)             Temple (1/1) D:4

Altars:
Ashenzari
Elyvilon
Fedhas
Kikubaaqudgha
Makhleb
Nemelex Xobeh
Okawaru
Qazlal
Ru
Sif Muna
Uskayaw
Vehumet
Xom
Yredelemnul
Zin
The Shining One

Shops:
D:1 =

Portals:
Bailey: D:7


Innate Abilities, Weirdness & Mutations

You are too large for most types of armour.
You have tough skin. (AC +1)


Message History

The steam dragon misses you.
You hit the steam dragon.
The steam dragon is severely wounded.
The steam dragon bites you. The steam dragon barely misses you.
You closely miss the steam dragon.
The steam dragon is severely wounded.
The steam dragon bites you! The steam dragon closely misses you.
The jelly attacks as you move away! The jelly hits you but does no damage.
The steam dragon bites you. The steam dragon claws you.
* * * LOW HITPOINT WARNING * * *
The steam dragon attacks as you move away!
The steam dragon bites you.
* * * LOW HITPOINT WARNING * * *
The steam dragon barely misses you.
The jelly jiggles.
Okay, then.
Unknown command.
Okay, then.
Unknown command.
You gain the combat prowess of a mighty hero.
The steam dragon breathes steam at you. The ball of steam hits you!
* * * LOW HITPOINT WARNING * * *
The jelly barely misses you.
Unknown command.
You barely miss the steam dragon.
The steam dragon is severely wounded.
You are engulfed in a cloud of scalding steam.
* * * LOW HITPOINT WARNING * * *
The steam dragon bites you!
* * * LOW HITPOINT WARNING * * *
The steam dragon closely misses you.
The jelly is engulfed in a cloud of scalding steam.
The jelly closely misses you.
Unknown command.
You hit the steam dragon but do no damage.
Your weapon exudes an aura of protection.
The steam dragon is severely wounded.
The steam dragon bites you!
You die...

.... .... .....
####..... #>)......
... ## #####..##...
....##. #.......###
........ #...DJ#...#
#........
#...@.###.###^.......
#.....# #..##........
#...§.# #............
#...§.# #.#..........
#....§# #...##.......
#####.# ###.##.......
..####.##.......
#.............
#........#####


You could see a steam dragon (catching breath) and a jelly.

Vanquished Creatures
  A water moccasin (D:5)
  An ice beast (D:5)
  An ogre (D:6)
  2 centaurs (D:6)
  A bullfrog (D:6)
  4 scorpions
  2 hounds (D:4)
  2 jellies
  3 orc priests
  2 iguanas
  A sleepcap (D:5)
  4 orc wizards
  Robin (D:3)
  10 adders
  A white imp (D:5)
  A worm (D:2)
  2 dart slugs
  14 orcs
  5 endoplasms
  3 giant cockroaches
  7 goblins
  10 hobgoblins
  4 jackals (D:1)
  4 quokkas
  12 ball pythons
  12 bats
  3 frilled lizards
  11 kobolds
  2 rats
126 creatures vanquished.

Notes
Turn   | Place    | Note
-------+----------+-------------------------------------------
     0 | D:1      | TheDoctor the Ogre Gladiator began the quest for the Orb.
     0 | D:1      | Reached XP level 1. HP: 22/22 MP: 1/1
    95 | D:1      | Reached skill level 3 in Fighting
   223 | D:1      | Found Vocaut's Jewellery Shoppe.
   275 | D:1      | Reached XP level 2. HP: 32/32 MP: 2/2
   376 | D:1      | Reached skill level 4 in Fighting
   654 | D:1      | Reached XP level 3. HP: 40/40 MP: 3/3
  1261 | D:2      | Reached skill level 5 in Fighting
  1347 | D:2      | Got Xuteann's Disquisition on Ironbound Assembling
  2038 | D:3      | Reached skill level 1 in Spellcasting
  2038 | D:3      | Reached XP level 4. HP: 49/50 MP: 5/5
  2622 | D:4      | Learned a level 3 spell: Swiftness
  2756 | D:4      | Reached skill level 1 in Air Magic
  2756 | D:4      | Reached XP level 5. HP: 49/59 MP: 7/7
  2875 | D:4      | Reached skill level 6 in Fighting
  2992 | D:4      | Noticed Robin
  3201 | D:3      | Killed Robin
  3431 | D:4      | Found a transporter.
  3465 | D:4      | Found a staircase to the Ecumenical Temple.
  3498 | Temple   | Entered the Ecumenical Temple
  3520 | Temple   | Became a worshipper of Warmaster Okawaru
  3656 | D:4      | Reached XP level 6. HP: 60/68 MP: 8/8
  3894 | D:4      | Found a transporter.
  4043 | D:4      | Found a glowing golden altar of the Shining One.
  4306 | D:5      | Entered Level 5 of the Dungeon
  4671 | D:5      | Found a broken altar of Ashenzari.
  4682 | D:5      | Identified the +1 chain mail "Qeurch" {rElec rN++ Int-3
                  | Stlth-}
  4816 | D:5      | Reached * piety under Okawaru
  5037 | D:5      | Noticed a water moccasin
  5050 | D:5      | Killed a water moccasin
  5051 | D:5      | Reached skill level 7 in Fighting
  5051 | D:5      | Reached XP level 7. HP: 78/78 MP: 9/9
  5215 | D:5      | Reached skill level 5 in Air Magic
  5866 | D:6      | Reached skill level 8 in Fighting
  5866 | D:6      | Reached XP level 8. HP: 64/88 MP: 10/10
  6246 | D:7      | Found a flagged portal.
  6271 | D:6      | Reached ** piety under Okawaru
  6917 | D:6      | Reached skill level 9 in Fighting
  6926 | D:6      | HP: 3/92 [steam dragon (7)]
  6927 | D:6      | Slain by a steam dragon

Illustrated notes

Levels and vault maps discovered:
D:1:      dpeg_arrival_ternary, layout_basic, serial_shops, shop, st_stairs_13,
          palyth_stone_intersect, chequers_arboretum, serial_bayou_pond_b
D:2:      layout_basic
D:3:      layout_basic
D:4:      gammafunk_cloud_chamber, layout_cave_pods,
          nicolae_tso_swordbearing_angel, minmay_temple_entry_statues,
          uniq_robin
D:5:      layout_gridville, mainiacjoe_overflow_alcove_2, minmay_bent
D:6:      layout_basic
D:7:      layout_gridville, kennysheep_little_box, enter_bailey_2,
          hangedman_decor_riveting, minivault_25, minivault_26
Temple:   nicolae_temple_ecumenical_triangle

Skill      XL: |  1  2  3  4  5  6  7  8 |
---------------+-------------------------+-----
Fighting       | 3 4 5 6 7 8 9 |  9.0
Spellcasting   | 1 |  1.6
Air Magic      | 1 2 4 5 6 |  6.9
Maces & Flails | |  2.6
Throwing       | |  2.0
Dodging        | |  2.6

Action                     |  1- 3 |  4- 6 |  7- 9 || total
---------------------------+-------+-------+-------++-------
  Melee: Flail             |   153 |   105 |       ||   258
         Punch             |     3 |     1 |     4 ||     8
         Mace              |       |    67 |   149 ||   216
  Throw: Stone             |     3 |    17 |       ||    20
         Throwing net      |       |       |     3 ||     3
   Cast: Swiftness         |       |       |     2 ||     2
 Invoke: Heroism           |       |       |     1 ||     1
    Use: Scroll            |       |     4 |       ||     4
         Potion            |       |     1 |       ||     1
   Stab: Sleeping          |       |     2 |       ||     2
 Armour: Robe              |    81 |    63 |    71 ||   215
  Dodge: Dodged            |   107 |   103 |   114 ||   324
